 Dungeon Crawl Stone Soup version 0.22.1-1-ga44c0e5 (webtiles) character file.

906 nightchill the Cleaver (level 8, -2/73 HPs)
             Began as a Hill Orc Fighter on Oct 15, 2018.
             Was a Follower of Beogh.
             Slain by an orc warrior
             ... wielding a +0 short sword
              (19 damage)
             ... on level 6 of the Dungeon.
             The game lasted 00:19:24 (5835 turns).

nightchill the Cleaver (Hill Orc Fighter)           Turns: 5835, Time: 00:19:25

Health: -2/73      AC: 11    Str: 20    XL:     8   Next: 8%
Magic:  11/11      EV:  5    Int:  8    God:    Beogh [*.....]
Gold:   314        SH:  4    Dex: 11    Spells: 7/7 levels left

rFire    . . .     SeeInvis .   a - +0 war axe
rCold    . . .     Gourm    .   v - +0 buckler
rNeg     . . .     Faith    .   x - +0 plate armour (curse)
rPois    .         Spirit   .   t - +0 hat
rElec    .         Reflect  .   (no cloak)
rCorr    .         Harm     .   (no gloves)
MR       .....                  (no boots)
Stlth    ..........             (no amulet)
HPRegen  0.22/turn              (no ring)
MPRegen  0.12/turn              (no ring)

@: no status effects
A: no striking features
a: Renounce Religion


You were on level 6 of the Dungeon.
You worshipped Beogh.
Beogh was aware of your devotion.
You were not hungry.

You visited 1 branch of the dungeon, and saw 6 of its levels.

You collected 314 gold pieces.

Inventory:

Hand Weapons
 a - a +0 war axe (weapon)
 b - a +1 blowgun
 l - a +0 hunting sling
 m - a +2 hand axe of holy wrath
Missiles
 s - 20 poisoned needles
 B - 2 needles of confusion
 D - 85 stones (quivered)
Armour
 c - a +1 shield
 r - a +0 scale mail
 t - a +0 hat (worn)
 v - a +0 buckler (worn)
 x - a cursed +0 plate armour (worn)
Jewellery
 n - a +2 ring of protection {unknown}
Wands
 C - a wand of polymorph (8)
Scrolls
 h - 2 scrolls of fear
 i - 3 scrolls of enchant weapon
 j - a scroll of identify
 k - 5 scrolls of teleportation
 p - a scroll of enchant armour
 y - 2 scrolls of amnesia
 A - 3 scrolls of remove curse
 E - a scroll of brand weapon {unknown}
Potions
 d - a potion of might
 e - 2 potions of haste
 g - 2 potions of cancellation
 o - 4 potions of curing
 q - 3 potions of agility
 u - a potion of heal wounds
 w - 2 potions of lignification
 z - a potion of magic
Comestibles
 f - 10 rations
 F - 2 chunks of flesh


   Skills:
 + Level 7.0 Fighting
 + Level 8.5 Axes
 - Level 3.2 Armour
 + Level 3.9 Shields
 + Level 4.3 Invocations


You had 7 spell levels left.
You didn't know any spells.
Your spell library was empty.

Dungeon Overview and Level Annotations

Branches:
Dungeon (6/15)
 Temple: D:4-7

Altars:
Gozag
Qazlal
Wu Jian
Xom
Zin

Shops:
D:5 =

Annotations:
D:4 exclusion: 2 downstairs


Message History

You have reached level 8!
You now have 314 gold pieces (gained 8).
You start resting.
Eating one of 3 chunks of flesh.
You eat one of the 3 chunks of flesh.
This raw flesh tastes terrible.
An orc warrior comes into view. It is wielding a short sword.
You hit the orc warrior.
The orc warrior is moderately wounded.
The orc warrior hits you with a short sword.
You hit the orc warrior.
The orc warrior is moderately wounded.
The orc warrior hits you with a short sword!
You closely miss the orc warrior.
The orc warrior is moderately wounded.
The orc warrior hits you with a short sword! x2
* * * LOW HITPOINT WARNING * * *
You hit the orc warrior but do no damage.
The orc warrior is moderately wounded.
The orc warrior hits you with a short sword!!
You die...
Beogh appreciates the orc warrior's killing of a heretic priest.

.# #.# # #.# #
#.#####.# .###
#..o.##.##.......#
######@##...........
...........##.......##
#######..............#
#.##.#.........#
#.##.#.........#
##...(.........##
###.#........<.#
#.#.#<###.#.#.##
+......##.#.#.##


You could see an orc warrior.

Vanquished Creatures
  An ice beast (D:6)
  A centaur (D:5)
  A scorpion (D:4)
  3 howler monkeys (D:4)
  2 crimson imps (D:5)
  A gnoll shaman (D:4)
  A jelly (D:5)
  2 hounds
  A centaur skeleton (D:5)
  2 iguanas
  Natasha (twice) (D:2)
  2 worker ants (D:4)
  An adder (D:5)
  5 gnolls
  2 oozes
  2 worms (D:2)
  3 dart slugs
  3 leopard geckos
  18 orcs
  4 bats
  10 giant cockroaches
  6 goblins
  8 hobgoblins
  6 jackals
  2 quokkas (D:3)
  3 frilled lizards
  3 kobolds
  A leopard gecko zombie (D:5)
  A quokka skeleton (D:4)
  3 rats
100 creatures vanquished.

Vanquished Creatures (others)
  An orc wizard (D:4)
1 creature vanquished.

Grand Total: 101 creatures vanquished

Notes
Turn   | Place    | Note
-------+----------+-------------------------------------------
     0 | D:1      | nightchill the Hill Orc Fighter began the quest for the
                  | Orb.
     0 | D:1      | Reached XP level 1. HP: 19/19 MP: 1/1
    19 | D:1      | Reached skill level 3 in Axes
    79 | D:1      | Reached XP level 2. HP: 27/27 MP: 2/2
   849 | D:2      | Found an ornate altar of the Wu Jian Council.
   977 | D:2      | Reached skill level 4 in Axes
   986 | D:2      | Found an opulent altar of Gozag.
   986 | D:2      | Found a glowing silver altar of Zin.
  1063 | D:2      | Reached XP level 3. HP: 33/33 MP: 3/3
  1256 | D:2      | Found a stormy altar of Qazlal.
  1536 | D:2      | Noticed Natasha
  1543 | D:2      | Killed Natasha
  1543 | D:2      | Reached XP level 4. HP: 24/41 MP: 4/4
  1710 | D:2      | Noticed Natasha
  1720 | D:2      | Killed Natasha
  1720 | D:2      | Reached skill level 5 in Axes
  2525 | D:3      | Reached XP level 5. HP: 47/47 MP: 5/5
  2672 | D:3      | Found a shimmering altar of Xom.
  2975 | D:4      | Reached skill level 5 in Fighting
  2975 | D:4      | Reached skill level 6 in Axes
  3573 | D:4      | Reached XP level 6. HP: 53/56 MP: 6/6
  3824 | D:4      | Reached skill level 7 in Axes
  4002 | D:4      | Became a worshipper of Beogh the Brigand
  4135 | D:5      | Entered Level 5 of the Dungeon
  4155 | D:5      | Reached skill level 1 in Invocations
  4831 | D:4      | Reached XP level 7. HP: 39/63 MP: 8/8
  5009 | D:5      | Found Huanirol's Jewellery Shop.
  5085 | D:5      | Reached skill level 8 in Axes
  5607 | D:5      | Reached * piety under Beogh
  5817 | D:6      | Reached XP level 8. HP: 47/73 MP: 11/11
  5835 | D:6      | Slain by an orc warrior

Skill      XL: |  1  2  3  4  5  6  7 |
---------------+----------------------+-----
Axes           | 3 4 5 6 7 8 |  8.5
Fighting       | 4 5 6 7 |  7.0
Invocations    | 2 4 |  4.3
Armour         | |  3.2
Shields        | |  3.9

Action                   |  1- 3 |  4- 6 |  7- 9 || total
-------------------------+-------+-------+-------++-------
Melee: War axe           |    77 |   253 |    86 ||   416
Invok: Convert to Beogh  |       |     1 |       ||     1
  Use: Scroll            |       |    12 |     3 ||    15
       Potion            |       |     1 |       ||     1
  Eat: Chunk             |     2 |     6 |     5 ||    13
       Ration            |       |     1 |       ||     1
Armor: Scale mail        |    35 |    62 |       ||    97
       Plate armour      |       |    63 |    47 ||   110
Dodge: Dodged            |    14 |    72 |    17 ||   103
Block: Shield            |    34 |   138 |    27 ||   199
       Buckler           |       |       |     6 ||     6
